 Dungeon Crawl Stone Soup version 0.31-a0-963-ga325b2283a (webtiles) character file.

Game seed: 7818208394047029378

153 MacCMillion the Ruffian (level 5, -25/34 HPs)
             Began as an Octopode Shapeshifter on Oct 25, 2023.
             Annihilated by an ogre
             ... wielding a +0 giant club
              (33 damage)
             ... on level 4 of the Dungeon.
             The game lasted 00:03:51 (3307 turns).

MacCMillion the Ruffian (Octopode Shapeshifter)     Turns: 3307, Time: 00:03:52

Health: -25/34     AC:  1    Str: 16    XL:     5   Next: 35%
Magic:  5/5        EV: 13    Int: 12    God:
Gold:   213        SH:  0    Dex: 11    Spells: 4/4 levels left

rFire   . .          .
                       - Unarmed
rCold   . . .        (no shield)
rNeg    . . .        (helmet currently unavailable)
rPois   .            (no amulet)
rElec   .            (no ring)
rCorr   .            (no ring)
SInv    .            (no ring)
Will    .....        (no ring)
Stlth   +++          (no ring)
HPRegen 0.25/turn    (no ring)
MPRegen 0.09/turn    (no ring)
                     (no ring)

%: no passive effects
@: beast-form
A: beast (slay +2), almost no armour, amphibious, 8 rings, camouflage 1,
gelatinous body 1, (nimble swimmer 1), tentacles
a: Begin Untransformation


You were on level 4 of the Dungeon.
You were a hulking beast.
You visited 1 branch of the dungeon, and saw 4 of its levels.

You collected 213 gold pieces.

Inventory:

Jewellery
 f - a ring of see invisible
Talismans
 b - a beast talisman
 c - a flux talisman
Wands
 h - a wand of paralysis (11)
 n - a wand of flame (4)
Scrolls
 e - a scroll of amnesia {unknown}
 j - a scroll of identify {unknown}
 k - 2 scrolls of teleportation {unknown}
 m - a scroll of blinking {unknown}
 p - a scroll of enchant armour {unknown}
Potions
 a - a potion of lignification
 d - a potion of cancellation {unknown}
 g - a potion of haste {unknown}
 i - a potion of enlightenment {unknown}
 l - a potion of curing {unknown}
 o - a potion of brilliance {unknown}


   Skills:
 + Level 2.3 Fighting
 + Level 2.9 Dodging
 + Level 2.8 Stealth
 + Level 3.7 Unarmed Combat
 + Level 3.6 Shapeshifting


You had 4 spell levels left.
You didn't know any spells.
Your spell library contained the following spells:

 Spells                   Type           Power      Damage    Failure   Level
 Cigotuvi's Dreadful Rot  Necr/Pois/Air  0%         N/A       45%         2
 Ignite Poison            Fire/Tmut/Pois 0%         N/A       69%         3
 Olgreb's Toxic Radiance  Pois           0%         N/A       97%         4
 Freezing Cloud           Conj/Ice/Air   0%         6-21      100%        5
 Discord                  Hex            0%         N/A       100%        8
 Ignition                 Fire           0%         3d3       100%        8


Dungeon Overview and Level Annotations

Branches:
Dungeon (4/15)
 Temple: D:4-7

Altars:

Shops:
D:1 (

Annotations:
D:2 1 runed translucent door, Crazy Yiuf


Innate Abilities, Weirdness & Mutations

You are a hulking beast.
Your limbs bulge with bestial killing power. (Slay +2)
You cannot wear most types of armour.
You are amphibious.
You can wear up to eight rings at the same time.
Your skin changes colour to match your surroundings (Stealth+).
Your rubbery body absorbs attacks. (AC +1, EV +1)
((You are camouflaged when in or above water. (Stealth+)))
You have tentacles for arms and can constrict up to eight enemies at once.


Message History

The hound is almost dead.
You constrict the hound.
You kill the hound!
No target in view!
A goblin comes into view. It is wielding a +0 dagger.
A goblin is nearby!
A goblin is nearby!
A goblin is nearby!
You see here a scroll labelled MEGOAMEHUM.
You barely miss the goblin. Your grab misses the goblin. The goblin misses you.
You closely miss the goblin. You grab the goblin. You constrict the goblin.
The goblin hits you with a +0 dagger.
You tentacle-slap the goblin.
You kill the goblin!
No target in view!
HP restored.
p - a scroll labelled MEGOAMEHUM You see here 4 stones.
The ogre shouts!
An ogre is nearby!
An ogre is nearby!
An ogre is nearby!
An ogre is nearby!
There is a stone staircase leading up here.
You climb upwards.
There is a stone staircase leading down here.
You start waiting.
Done waiting.
There is a stone staircase leading down here.
You climb downwards.
The ogre hits you with a +0 giant club!
Ouch! That really hurt!
There is a stone staircase leading up, spattered with blood here.
You barely miss the ogre. The ogre hits you with a +0 giant club!
* * * LOW HITPOINT WARNING * * *
You barely miss the ogre. You tentacle-slap the ogre. You squeeze the ogre!
The ogre is moderately wounded.
The ogre hits you with a +0 giant club!!
Ouch! That really hurt!
You die...

#.### ##.# #.....##.###...#
#...#####.###(..####.....#.#
#.#.)..##.#....#####.....#.#
#.####..#.#.##.......รท.###.#
#.## ##......#..####..####..
#..# ###......### #..##....
##.# #........###.....#.. #.#
###.<..#.#.##...#####. #.#
#...Oh....(.....# #.
#.####.#..#####.##.#.# #.
#.##...#.## #....#.# #.
#.#..###.# ##..##.. #.
#.#.####.# #..###.# #. #.#.#
#..# ##.## .. .. #.#.# #..#
##..# ### .# #.#.# #.##
#...##### #.#.###.#
#.#.....##


You could see an ogre.

Vanquished Creatures
  A howler monkey (D:4)
  A hound (D:4)
  An adder (D:3)
  4 worms
  A dart slug (D:2)
  An orc (D:4)
  5 bats
  6 endoplasms
  3 giant cockroaches
  6 goblins
  7 hobgoblins
  8 kobolds
  3 quokkas
  5 ball pythons
  A frilled lizard (D:3)
  2 rats
55 creatures vanquished.

Notes
Turn   | Place    | Note
-------+----------+-------------------------------------------
     0 | D:1      | MacCMillion the Octopode Shapeshifter began the quest for
                  | the Orb.
     0 | D:1      | Reached XP level 1. HP: 13/13 MP: 1/1
   215 | D:1      | Reached XP level 2. HP: 18/18 MP: 2/2
   258 | D:1      | Reached skill level 1 in Stealth
   366 | D:1      | Found Voantocs's Weapon Shop.
   933 | D:1      | Reached XP level 3. HP: 14/23 MP: 3/3
  1209 | D:2      | Found a runed translucent door.
  1210 | D:2      | Noticed Crazy Yiuf
  2152 | D:3      | Reached XP level 4. HP: 29/29 MP: 4/4
  2211 | D:3      | Found a faded altar of an unknown god.
  2862 | D:4      | Noticed an ogre
  3061 | D:4      | Reached XP level 5. HP: 29/34 MP: 5/5
  3307 | D:4      | Annihilated by an ogre

Illustrated notes

Levels and vault maps discovered:
D:1:      dpeg_arrival_boxorama, layout_basic, serial_curves, eino_curves_03,
          eino_curves_02, eino_curves_03, eino_curves_02, serial_shops, shop,
          chequers_decorated_corner, grunt_decor_mini_mirrors
D:2:      layout_loops_ring, kennysheep_minor_cross, uniq_crazy_yiuf_cottage
D:3:      layout_basic, shapermc_ecumenical_altar_pompeii
D:4:      layout_rooms

Skill      XL: |  1  2  3  4 |
---------------+-------------+-----
Stealth        | 1 2 |  2.8
Fighting       | 2 |  2.3
Dodging        | |  2.9
Unarmed Combat | |  3.7
Shapeshifting  | |  3.6

Action                     |  1- 3 |  4- 6 || total
---------------------------+-------+-------++-------
  Melee: Unarmed           |    70 |    45 ||   115
         Constrict         |    16 |    15 ||    31
         Punch             |     3 |     3 ||     6
         Tentacles         |     6 |     9 ||    15
   Stab: Sleeping          |     7 |     4 ||    11
 Armour: Skin              |    27 |    20 ||    47
  Dodge: Dodged            |    39 |    18 ||    57

Table legend: (Time is in decaauts)
 A = Elapsed time spent in this place.
 B = Non-inter-level travel time spent in this place.
 C = Inter-level travel time spent in this place.
 D = Time resting spent in this place.
 E = Time spent auto-exploring this place.
 F = Levels seen in this place.
 G = Mean time per level.
                   A        B        C        D        E       F      G
               +--------+--------+--------+--------+--------+-----+--------+
         Total |   3301 |   3134 |    167 |    100 |   2598 |   4 |  825.2 |
       Dungeon |   3301 |   3134 |    167 |    100 |   2598 |   4 |  825.2 |
               +--------+--------+--------+--------+--------+-----+--------+

Top non-repeatable levels by time:
     D:3: 1183 daAuts
     D:1: 992 daAuts
     D:2: 795 daAuts
     D:4: 329 daAuts
